cohdb
Replays
Latest Replays
All Replays
Popular Replays
Top Player Replays
Match Explorer
How It Works
Community
CoH3 Stats
Reddit
Sign in to upload your games and track your stats! →
Sign in with Steam
Match 35520162
Unlisted
Match 35520162
Overview
Messages
Build Orders
End
Vickers Machine Gun Team
Construct Section Command Post
Selects Air and Sea Battlegroup
Infantry Section
Infantry Section
Infantry Section
Selects Commando Section Paradrop
Selects M1 Pack Howitzer Paradrop
M1 Pack Howitzer Paradrop
Commando Section Paradrop
Construct Platoon Command Post
Grenade Package
Construct Company Command Post
Matilda II Heavy Tank
Matilda II Heavy Tank
Unlock Towed 17-pounder Anti-tank Guns
Selects Anti-tank Rocket Loiter
Anti-tank Rocket Loiter
Matilda II Heavy Tank
Kidnappings
Mechfruit
Sgannarel
勇于撤退先遣兵
GonTo30
matrix4x4
STG44
Beary bear
0
0
Comments
sign in to comment!
No comments posted yet!